 Dungeon Crawl Stone Soup version 0.29.0-4-gdea44cf6ec (webtiles) character file.

Game seed: 15046907494589882144

1360 qw the Cleaver (level 8, -4/48 HPs)
             Began as a Tengu Warper on Aug 28, 2022.
             Was an Initiate of Okawaru.
             Slain by a troll (9 damage)
             ... on level 6 of the Dungeon.
             The game lasted 00:00:39 (6417 turns).

qw the Cleaver (Tengu Warper)                       Turns: 6417, Time: 00:00:40

Health: -4/48      AC: 13    Str: 14    XL:     8   Next: 64%
Magic:  12/12      EV:  8    Int: 13    God:    Okawaru [......]
Gold:   364        SH:  0    Dex: 17    Spells: 11/11 levels left

rFire   . . .      SeeInvis +   Y - +2 hand axe (flame)
rCold   + . .      Faith    .   (no shield)
rNeg    . . .      Spirit   .   d - +0 chain mail
rPois   .          Reflect  .   (helmet restricted)
rElec   .          Harm     .   q - +0 cloak
rCorr   .          Rampage  .   o - +2 pair of gloves {Dex+3}
Will    +....                   (boots unavailable)
Stlth   ..........              (no amulet)
HPRegen 0.16/turn               m - ring of protection from cold
MPRegen 0.13/turn               (no ring)

@: flying quickly and evasively, quick
A: beak, talons 3, nimble flight, see invisible, strong-willed 1
a: Renounce Religion


You were on level 6 of the Dungeon.
You worshipped Okawaru.
Okawaru was noncommittal.
You visited 2 branches of the dungeon, and saw 7 of its levels.

You collected 364 gold pieces.


Innate Abilities, Weirdness & Mutations

You have a beak for a mouth.
You have claws for feet.
Your magical nature lets you fly swiftly and evasively.
You have supernaturally acute eyesight. (SInv)
You are strong-willed. (Will+)


   Skills:
 - Level 4.1 Fighting
 - Level 10.3 Axes
 - Level 1.0 Throwing
 + Level 3.0 Armour
 - Level 2.1 Dodging
 - Level 2.0 Spellcasting
 - Level 2.4 Translocations


You had 11 spell levels left.
You didn't know any spells.
Your spell library contained the following spells:

 Spells                   Type           Power      Damage    Failure   Level
 Blink                    Tloc           14%        N/A       98%         2
 Gell's Gravitas          Tloc           7%         N/A       100%        3
 Lesser Beckoning         Tloc           7%         N/A       100%        3
 Teleport Other           Tloc           7%         N/A       100%        3
 Manifold Assault         Tloc           7%         N/A       100%        5

Inventory:

Hand Weapons
 Y - a +2 hand axe of flaming (weapon)
Armour
 d - a +0 chain mail (worn)
 o - a +2 pair of gloves of dexterity (worn)
 q - a +0 cloak (worn)
Jewellery
 e - a ring of ice
 m - a ring of protection from cold (left hand)
Scrolls
 a - a scroll of identify
Potions
 b - a potion of might
 c - a potion of cancellation
 g - a potion of mutation
 i - a potion of magic {unknown}
 j - a potion of ambrosia {unknown}
 n - a potion of lignification {unknown}

Dungeon Overview and Level Annotations

Branches:
Dungeon (6/15)             Temple (1/1) D:5

Altars:
Ashenzari
Cheibriados
Dithmenos
Elyvilon
Fedhas
Gozag
Kikubaaqudgha
Makhleb
Nemelex Xobeh
Okawaru
Qazlal
Ru
Sif Muna
Uskayaw
Vehumet
Wu Jian
Xom
Yredelemnul
Zin
The Shining One

Annotations:
D:3 Grinder
D:4 3 runed translucent doors, qw's ghost, amateur TeWr


Message History

As you read the scroll of teleportation, it crumbles to dust.
You feel strangely unstable.
The troll barely misses you. x2; The troll claws you.
The orc barely misses you.
6402 ||| DRINKING potion of heal wounds.
You feel much better. The troll barely misses you. The troll claws you.
The troll closely misses you. The orc hits you but does no damage.
You barely miss the troll. You claw the troll. Your peck misses the troll.
The troll is moderately wounded.
You hit the orc. You burn the orc. The troll bites you but does no damage.
The troll claws you. The troll claws you but does no damage.
The orc hits you but does no damage.
An orc wizard comes into view. It is wielding a +0 dagger.
The orc wizard shouts!
You hit the orc. You burn the orc.
You kill the orc!
Okawaru accepts your kill.
You closely miss the troll.
Your surroundings suddenly seem different.
You start resting.
A troll is nearby!
You start resting.
An orc comes into view. It is wielding a +0 whip.
6410 ||| Stepping ~*~*~tactically~*~*~ (stealth).
An orc comes into view. It is wielding a +0 whip.
An orc comes into view. It is wielding a +0 mace.
The orc shouts!
You hit the troll but do no damage. You claw the troll. You peck the troll.
The troll is lightly wounded.
You slash the troll! You burn the troll. You claw the troll.
The troll is heavily wounded.
The troll barely misses you. x2; The troll claws you.
You hit the troll but do no damage.
The troll is heavily wounded.
The troll bites you but does no damage. The troll claws you. x2
You hit the troll. You burn the troll. Your peck misses the troll.
The troll is severely wounded.
You closely miss the orc. The troll bites you but does no damage.
The troll claws you!
You die...

...# #####...#
######........
......>.......#
...............
...<.....#####.#####
....##.............#
...............o...#
..####.....oo..T@..#
## #.)T....o..##+###
#..........
#..........
#..........
...........
...........o
......######.


You could see a troll, an orc wizard and 3 orcs.

Vanquished Creatures
  Sigmund (D:2)
  Eustachio (D:4)
  Menkaure (D:6)
  2 ogres (D:5)
  A phantom (D:5)
  A scorpion (D:5)
  2 bullfrogs
  A necrophage (D:4)
  A jelly (D:4)
  4 orc priests
  A hound (D:4)
  An iguana (D:5)
  Terence (D:2)
  2 orc wizards
  3 gnolls (D:5)
  5 adders
  2 ufetubi (D:5)
  A worm (D:4)
  A dart slug (D:2)
  12 orcs
  7 endoplasms
  4 giant cockroaches
  7 hobgoblins
  3 jackals (D:1)
  A quokka (D:3)
  9 ball pythons
  3 bats
  7 frilled lizards
  5 goblins
  8 kobolds
  8 rats
106 creatures vanquished.

Vanquished Creatures (others)
  3 fungi (D:3)
  12 plants (D:3)
15 creatures vanquished.

Grand Total: 121 creatures vanquished

Notes
Turn   | Place    | Note
-------+----------+-------------------------------------------
     0 | D:1      | qw the Tengu Warper began the quest for the Orb.
     0 | D:1      | Reached XP level 1. HP: 12/12 MP: 4/4
     0 | D:1      | 0 ||| qw: Version: 0.1-a-89-g26bdef1
     0 | D:1      | 0 ||| qw: Game counter: 1619
     0 | D:1      | 0 ||| qw: Always use a shield: true
     0 | D:1      | 0 ||| qw: God list: Okawaru
     0 | D:1      | 0 ||| qw: Allow faded altars: false
     0 | D:1      | 0 ||| qw: Do Orc after D:15 true
     0 | D:1      | 0 ||| qw: Do second Lair branch before Depths: true
     0 | D:1      | 0 ||| qw: Lair rune preference: random
     0 | D:1      | 0 ||| qw: Plans: Normal
     0 | D:1      | 0 ||| PLANNING D:1-11
   153 | D:1      | Reached XP level 2. HP: 17/17 MP: 6/6
   164 | D:1      | Reached skill level 3 in Axes
   174 | D:1      | 174 ||| DROPPING +0 club.
   211 | D:1      | HP: 3/17 [jackal (2)]
   502 | D:1      | 502 ||| Stepping ~*~*~tactically~*~*~ (stealth).
   515 | D:1      | 515 ||| Stepping ~*~*~tactically~*~*~ (stealth).
   517 | D:1      | 517 ||| Stepping ~*~*~tactically~*~*~ (stealth).
   569 | D:1      | Reached XP level 3. HP: 21/21 MP: 7/7
   653 | D:1      | 653 ||| Stepping ~*~*~tactically~*~*~ (stealth).
   658 | D:1      | Reached skill level 4 in Axes
   690 | D:1      | 690 ||| Stepping ~*~*~tactically~*~*~ (stealth).
   692 | D:1      | 692 ||| Stepping ~*~*~tactically~*~*~ (stealth).
   703 | D:1      | 703 ||| Stepping ~*~*~tactically~*~*~ (stealth).
   704 | D:1      | 704 ||| Stepping ~*~*~tactically~*~*~ (stealth).
   706 | D:1      | 706 ||| Stepping ~*~*~tactically~*~*~ (stealth).
   708 | D:1      | 708 ||| Stepping ~*~*~tactically~*~*~ (stealth).
   712 | D:1      | 712 ||| Stepping ~*~*~tactically~*~*~ (stealth).
   844 | D:1      | 844 ||| DROPPING +0 mace.
   903 | D:1      | 903 ||| UPGRADING to +0 ring mail.
   913 | D:1      | 913 ||| DROPPING +0 leather armour.
   914 | D:1      | 914 ||| READING scroll labelled ZUR ZOVORONK.
   917 | D:1      | 917 ||| READING scroll labelled YPUAVV EMEL.
   918 | D:1      | 918 ||| READING scroll labelled FOMETSICUG.
   919 | D:1      | 919 ||| DROPPING scroll of blinking.
  1264 | D:2      | 1264 ||| Stepping ~*~*~tactically~*~*~ (stealth).
  1265 | D:2      | 1265 ||| Stepping ~*~*~tactically~*~*~ (stealth).
  1266 | D:2      | 1266 ||| Stepping ~*~*~tactically~*~*~ (stealth).
  1338 | D:2      | Noticed Sigmund
  1339 | D:2      | 1339 ||| Stepping ~*~*~tactically~*~*~ (hiding).
  1347 | D:2      | HP: 3/21 [Sigmund/+0 scythe (6)]
  1348 | D:2      | 1348 ||| READING scroll of teleportation.
  1350 | D:2      | Killed Sigmund
  1351 | D:2      | Reached skill level 6 in Axes
  1351 | D:2      | Reached XP level 4. HP: 4/26 MP: 8/8
  1351 | D:2      | Gained mutation: Your magical nature lets you fly swiftly
                  | and evasively. [Tengu growth]
  1351 | D:2      | Reached XP level 5. HP: 5/30 MP: 9/9
  1650 | D:2      | 1650 ||| Stepping ~*~*~tactically~*~*~ (stealth).
  1651 | D:2      | 1651 ||| Stepping ~*~*~tactically~*~*~ (stealth).
  1667 | D:2      | Noticed Terence
  1668 | D:2      | 1668 ||| Stepping ~*~*~tactically~*~*~ (stealth).
  1670 | D:2      | 1670 ||| Stepping ~*~*~tactically~*~*~ (hiding).
  1682 | D:2      | Killed Terence
  1683 | D:2      | Reached XP level 6. HP: 24/35 MP: 10/10
  2236 | D:2      | 2236 ||| UPGRADING to +0 scale mail.
  2246 | D:2      | 2246 ||| DROPPING +0 ring mail.
  2247 | D:2      | 2247 ||| UPGRADING to +0 cloak.
  2252 | D:2      | 2252 ||| UPGRADING to ring of protection from cold.
  2253 | D:2      | 2253 ||| READING 3 scrolls labelled JOJAIS BYONOA.
  2254 | D:2      | 2254 ||| READING scroll labelled GOTZIO CECW.
  2255 | D:2      | 2255 ||| READING scroll labelled CUNNOGUCAA.
  2256 | D:2      | 2256 ||| READING scroll labelled NYWNIFF SAXTEX.
  2257 | D:2      | 2257 ||| DRINKING 2 puce potions.
  2258 | D:2      | 2258 ||| READING 2 scrolls of identify.
  2258 | D:2      | 2258 ||| IDENTIFYING fizzy green potion
  2259 | D:2      | 2259 ||| DROPPING potion of attraction.
  2306 | D:3      | Found a shimmering blue altar of Sif Muna.
  2342 | D:3      | 2342 ||| Stepping ~*~*~tactically~*~*~ (stealth).
  2343 | D:3      | 2343 ||| Stepping ~*~*~tactically~*~*~ (stealth).
  2462 | D:3      | 2462 ||| Stepping ~*~*~tactically~*~*~ (stealth).
  2505 | D:3      | 2505 ||| Stepping ~*~*~tactically~*~*~ (stealth).
  2506 | D:3      | 2506 ||| Stepping ~*~*~tactically~*~*~ (stealth).
  2507 | D:3      | 2507 ||| Stepping ~*~*~tactically~*~*~ (stealth).
  2542 | D:3      | 2542 ||| Stepping ~*~*~tactically~*~*~ (stealth).
  2551 | D:3      | Found a burning altar of Makhleb.
  2590 | D:3      | Reached skill level 7 in Axes
  2863 | D:3      | Noticed Grinder
  2864 | D:3      | 2864 ||| Stepping ~*~*~tactically~*~*~ (hiding).
  2874 | D:3      | 2874 ||| FLEEEEING.
  2888 | D:3      | 2888 ||| Stepping ~*~*~tactically~*~*~ (hiding).
  2892 | D:3      | 2892 ||| FLEEEEING.
  2893 | D:3      | 2893 ||| FLEEEEING.
  2894 | D:3      | 2894 ||| FLEEEEING.
  2895 | D:3      | 2895 ||| FLEEEEING.
  2899 | D:3      | 2899 ||| STAIRDANCE
  3000 | D:2      | 3000 ||| UPGRADING to +1 pair of gloves of dexterity.
  3005 | D:2      | 3005 ||| READING scroll labelled MOETZI DUPY.
  3006 | D:2      | 3006 ||| DROPPING +0 morningstar.
  3007 | D:2      | 3007 ||| READING scroll labelled KEVUATHR BODU.
  3145 | D:2      | 3145 ||| DRINKING 2 black potions.
  3146 | D:2      | 3146 ||| DRINKING 2 fuming emerald potions.
  3146 | D:2      | Gained mutation: You have supernaturally acute eyesight.
                  | (SInv) [potion of mutation]
  3146 | D:2      | Gained mutation: You are strong-willed. (Will+) [potion of
                  | mutation]
  3147 | D:2      | 3147 ||| DROPPING potion of flight.
  3159 | D:3      | Found a faded altar of an unknown god.
  3163 | D:3      | Paralysed by Grinder for 4 turns
  3172 | D:3      | HP: 7/35 [Grinder/nerve-wracking pain (3)]
  3173 | D:3      | 3173 ||| READING scroll of teleportation.
  3175 | D:3      | 3175 ||| Stepping ~*~*~tactically~*~*~ (hiding).
  3452 | D:3      | HP: 8/35 [orc/+0 trident (2)]
  3461 | D:3      | HP: 4/36 [orc/+0 trident (4)]
  3776 | D:3      | 3776 ||| READING scroll of enchant armour.
  3776 | D:3      | 3776 ||| ENCHANTING +1 pair of gloves of dexterity.
  3925 | D:3      | 3925 ||| UPGRADING to +0 chain mail.
  3935 | D:3      | 3935 ||| DROPPING +0 scale mail.
  4025 | D:4      | Reached skill level 3 in Fighting
  4025 | D:4      | Reached XP level 7. HP: 41/41 MP: 11/11
  4090 | D:4      | Reached skill level 3 in Armour
  4138 | D:4      | 4138 ||| READING scroll of enchant weapon.
  4138 | D:4      | 4138 ||| ENCHANTING +1 hand axe of flaming.
  4148 | D:4      | Found a runed translucent gate.
  4152 | D:4      | Found a runed translucent gate.
  4152 | D:4      | Noticed qw's ghost (amateur TeWr)
  4157 | D:4      | Found a runed translucent gate.
  4189 | D:4      | 4189 ||| Stepping ~*~*~tactically~*~*~ (stealth).
  4193 | D:4      | 4193 ||| Stepping ~*~*~tactically~*~*~ (stealth).
  4226 | D:4      | 4226 ||| Stepping ~*~*~tactically~*~*~ (stealth).
  4227 | D:4      | 4227 ||| Stepping ~*~*~tactically~*~*~ (stealth).
  4594 | D:4      | 4594 ||| READING scroll labelled MEDISE ZOFI.
  4595 | D:4      | 4595 ||| READING 2 scrolls of identify.
  4595 | D:4      | 4595 ||| IDENTIFYING bubbling coppery potion
  4617 | D:5      | Entered Level 5 of the Dungeon
  4618 | D:5      | 4618 ||| STAIRDANCE
  4618 | D:5      | Noticed Eustachio
  4694 | D:5      | 4694 ||| STAIRDANCE
  4714 | D:4      | Killed Eustachio
  4715 | D:4      | Reached skill level 8 in Axes
  4908 | D:5      | 4908 ||| STAIRDANCE
  5171 | D:5      | Reached XP level 8. HP: 40/46 MP: 12/12
  5176 | D:5      | 5176 ||| Stepping ~*~*~tactically~*~*~ (stealth).
  5226 | D:5      | Reached skill level 9 in Axes
  5494 | D:5      | 5494 ||| Stepping ~*~*~tactically~*~*~ (stealth).
  5500 | D:5      | 5500 ||| Stepping ~*~*~tactically~*~*~ (stealth).
  5861 | D:5      | Found a staircase to the Ecumenical Temple.
  5862 | D:5      | 5862 ||| PLANNING TEMPLE
  5862 | D:5      | 5862 ||| FLEEEEING.
  5863 | D:5      | 5863 ||| FLEEEEING.
  5864 | D:5      | 5864 ||| FLEEEEING.
  5865 | D:5      | 5865 ||| FLEEEEING.
  5866 | D:5      | 5866 ||| FLEEEEING.
  5867 | D:5      | 5867 ||| FLEEEEING.
  5868 | D:5      | 5868 ||| FLEEEEING.
  5869 | D:5      | 5869 ||| FLEEEEING.
  5870 | D:5      | 5870 ||| FLEEEEING.
  5871 | D:5      | 5871 ||| FLEEEEING.
  5872 | D:5      | 5872 ||| FLEEEEING.
  6025 | D:5      | 6025 ||| READING scroll labelled APLYTA NUHIXKAO.
  6026 | D:5      | 6026 ||| READING 2 scrolls of identify.
  6026 | D:5      | 6026 ||| IDENTIFYING fuming orange potion
  6054 | Temple   | Entered the Ecumenical Temple
  6083 | Temple   | Became a worshipper of Warmaster Okawaru
  6198 | Temple   | 6198 ||| PLANNING D:1-11
  6266 | D:6      | Noticed Menkaure
  6272 | D:6      | Killed Menkaure
  6273 | D:6      | Reached skill level 10 in Axes
  6390 | D:6      | Noticed a troll
  6400 | D:6      | HP: 12/48 [troll (10)]
  6401 | D:6      | 6401 ||| READING scroll of teleportation.
  6401 | D:6      | HP: 3/48 [troll (4)]
  6402 | D:6      | 6402 ||| DRINKING potion of heal wounds.
  6410 | D:6      | 6410 ||| Stepping ~*~*~tactically~*~*~ (stealth).
  6415 | D:6      | HP: 12/48 [troll (2)]
  6416 | D:6      | HP: 5/48 [troll (6)]
  6417 | D:6      | Slain by a troll

Levels and vault maps discovered:
D:1:      dpeg_arrival_ratfight, layout_basic
D:2:      layout_basic, minivault_24, minmay_circled_x, uniq_terence,
          uniq_sigmund
D:3:      layout_loops_cross, nicolae_sif_muna_condensation,
          mainiacjoe_overflow_small_starburst,
          shapermc_ecumenical_altar_mp_urbaneastern, kennysheep_orc_chapel,
          uniq_grinder
D:4:      layout_basic, gammafunk_ghost_split, corexii_hall_statues_i
D:5:      layout_rooms, minmay_temple_entry_proselytizer, uniq_eustachio
D:6:      layout_basic, minmay_lizard_king, uniq_menkaure
Temple:   regret_index_temple_mists

Skill      XL: |  1  2  3  4  5  6  7  8 |
---------------+-------------------------+-----
Axes           | 3 6 7 8 10 | 10.3
Armour         | 2 3 |  3.0
Fighting       | 3 4 |  4.1
Throwing       | |  1.0
Dodging        | |  2.1
Spellcasting   | |  2.0
Translocations | |  2.4

Action                   |  1- 3 |  4- 6 |  7- 9 || total
-------------------------+-------+-------+-------++-------
Melee: Hand axe          |    61 |    93 |   148 ||   302
       Kick              |    11 |    30 |    47 ||    88
       Peck              |     7 |    16 |    20 ||    43
       Punch             |       |     2 |     1 ||     3
Throw: Boomerang         |    43 |    10 |    16 ||    69
  Use: Scroll            |     4 |     9 |     6 ||    19
       Potion            |       |     3 |     1 ||     4
Armor: Leather armour    |    13 |       |       ||    13
       Ring mail         |     3 |     4 |       ||     7
       Scale mail        |       |    18 |       ||    18
       Chain mail        |       |     3 |    80 ||    83
Dodge: Dodged            |    30 |    54 |    60 ||   144

Table legend:
 A = Non-vault XP
 B = Vault XP
 C = Vault XP percentage of total XP
 D = Non-vault monster count
 E = Vault monster count
 F = Vault count percentage of total count
                 A         B        C        D         E       F
            +---------+---------+-------+---------+---------+-------
      Total |    1176 |     767 |  39.5 |      88 |      18 |  17.0
            +---------+---------+-------+---------+---------+-------
        D:1 |      44 |       5 |  10.2 |      29 |       5 |  14.7
        D:2 |      26 |     267 |  91.1 |      10 |       6 |  37.5
        D:3 |      49 |      90 |  64.7 |      14 |       4 |  22.2
        D:4 |     342 |     196 |  36.4 |      18 |       1 |   5.3
        D:5 |     712 |      40 |   5.3 |      16 |       1 |   5.9
        D:6 |       3 |     169 |  98.3 |       1 |       1 |  50.0
            +---------+---------+-------+---------+---------+-------
